 Dungeon Crawl Stone Soup version 0.21.1-1-g345015fe64 (webtiles) character file.

57 Barbies the Digger (level 3, -1/31 HPs)
             Began as a Troll Earth Elementalist on May 28, 2018.
             Slain by an orc priest
             ... wielding a +3 hand axe of electrocution
              (3 damage)
             ... on level 3 of the Dungeon.
             The game lasted 00:03:35 (500 turns).

Barbies the Digger (Troll Earth Elementalist)        Turns: 500, Time: 00:03:36

Health: -1/31      AC:  5    Str: 17    XL:     3   Next: 73%
Magic:  4/4        EV: 10    Int: 11    God:
Gold:   42         SH:  0    Dex: 10    Spells: 3/4 levels left

rFire    . . .     SeeInvis .     - Unarmed
rCold    . . .     Gourm    +   (no shield)
rNeg     . . .     Faith    .   c - +0 robe
rPois    .         Spirit   .   (helmet restricted)
rElec    .         Reflect  .   (no cloak)
rCorr    .         Harm     .   (gloves unavailable)
MR       .....                  (boots unavailable)
Stlth    ..........             (no amulet)
HPRegen  0.50/turn              f - ring of loudness (curse)
MPRegen  0.09/turn              h - ring of flight

@: flying (expiring)
A: large, unfitting armour, claws 3, fast metabolism 3, gourmand, regeneration
1, shaggy fur 1, tough skin 2
a: Stop Flying


You were on level 3 of the Dungeon.
You were near starving.

You visited 1 branch of the dungeon, and saw 3 of its levels.

You collected 42 gold pieces.

Inventory:

Missiles
 b - 99 stones (quivered)
Armour
 c - a +0 robe (worn)
Jewellery
 f - a cursed ring of loudness (left claw)
 h - a ring of flight (right claw)
Scrolls
 a - a scroll of identify {unknown}
 g - a scroll of fog {unknown}
Books
 e - a book of Geomancy

   Spells                             Type                      Level
   a - Sandblast                      Earth                        1
   b - Passwall                       Transmutation/Earth          2
   c - Stone Arrow                    Conjuration/Earth            3
   d - Petrify                        Transmutation/Earth          4
   e - Lee's Rapid Deconstruction     Earth                        5
Comestibles
 d - 3 rations


   Skills:
 + Level 2.1 Dodging
 + Level 1.2 Stealth
 + Level 1.2 Unarmed Combat
 + Level 1.4 Spellcasting
   Level 0.6 Transmutations
 + Level 3.3 Earth Magic


You had 3 spell levels left.
You knew the following spells:

 Your Spells              Type           Power        Failure   Level  Hunger
a - Sandblast             Erth           #.....       8%          1    ##.....


Dungeon Overview and Level Annotations

Branches:
Dungeon (3/15)

Altars:


Innate Abilities, Weirdness & Mutations

You are too large for most types of armour.
You have claws for hands.
Your metabolism is lightning-fast.
You like to eat raw meat.
Your natural rate of healing is unusually fast.
You are covered in fur. (AC +1)
You have very tough skin. (AC +2)


Message History

The orc barely misses you.
You barely miss the orc. The orc misses you. The orc hits you with a whip.
The orc priest calls down the wrath of Beogh upon you.
Beogh smites you!
* * * LOW HITPOINT WARNING * * *
You scratch the orc but do no damage. The orc barely misses you.
The orc closely misses you. The orc priest barely misses you.
You scratch the orc but do no damage.
The frilled lizard bites you but does no damage.
The orc hits you but does no damage. The orc hits you with a whip.
* * * LOW HITPOINT WARNING * * *
You barely miss the orc.
You are starting to lose your buoyancy.
The orc priest completely misses you.
The frilled lizard bites you but does no damage.
The orc misses you. The orc hits you but does no damage.
You claw the orc!
You kill the orc!
The orc priest hits you with a hand axe of electrocution.
You die...

....# #.# #..# ..# #..#
#.# #..# #.# #..# #.#
#..##..#
##>#.##.###.$#.#.##..
##....(.†[..).%.......
#####..###.........###..##
..?..#.# #.#...ow......#
#..###..#.##)o##.#..
#.......#.##@o......
#.#.#......##l#.>.##
#.#...#.#..##<#.....
#.#............ #.#.
#.#.###.#.#####. .# #..##
##..# .< # #.## #.# ## #.#
.# #.##


You could see a worm, an orc priest, 2 orcs and a frilled lizard.

Vanquished Creatures
  3 adders
  A worm (D:2)
  A dart slug (D:2)
  A leopard gecko (D:2)
  2 orcs (D:3)
  2 giant cockroaches (D:3)
  2 goblins (D:2)
  2 hobgoblins (D:2)
  A frilled lizard (D:2)
  3 kobolds
  8 rats
26 creatures vanquished.

Notes
Turn   | Place    | Note
-------+----------+-------------------------------------------
     0 | D:1      | Barbies the Troll Earth Elementalist began the quest for the Orb.
     0 | D:1      | Reached XP level 1. HP: 16/16 MP: 1/1
    92 | D:2      | Reached XP level 2. HP: 7/24 MP: 2/2
    99 | D:2      | Reached skill level 3 in Earth Magic
   361 | D:2      | Reached XP level 3. HP: 24/31 MP: 4/4
   474 | D:3      | Reached skill level 1 in Unarmed Combat
   496 | D:3      | HP: 1/31 [orc priest/divine providence (14)]
   500 | D:3      | Slain by an orc priest

Skill      XL: |  1  2  3 |
---------------+----------+-----
Earth Magic    | 3 |  3.3
Dodging        | 2 |  2.1
Unarmed Combat | 1 |  1.2
Stealth        | |  1.2
Spellcasting   | |  1.4
Transmutations | |  0.6

Action                   || total
-------------------------++-------
Melee: Unarmed           ||    70
 Abil: Evoke Flight      ||     1
 Stab: Sleeping          ||     1
Armor: Robe              ||    42
Dodge: Dodged            ||    97
